 Dungeon Crawl Stone Soup version 0.18-a0-1413-g4eaa9ac (webtiles) character file.

48 Vahdor the Poker (level 3, 0/30 HPs)
             Began as a Centaur Gladiator on Feb 25, 2016.
             Slain by an orc
             ... wielding a +0 falchion of freezing
              (3 damage)
             ... on level 3 of the Dungeon on Feb 26, 2016.
             The game lasted 00:32:34 (2771 turns).

Vahdor the Poker (Centaur Gladiator)                Turns: 2771, Time: 00:32:34

Health: 0/30       AC:  8    Str: 18    XL:     3   Next: 50%
Magic:  3/3        EV: 10    Int:  7    God:
Gold:   134        SH:  0    Dex:  9    Spells: 0 memorised, 2 levels left

rFire  . . .     SeeInvis .     a - +0 trident
rCold  . . .     Gourm    .     b - +0 leather armour
rNeg   . . .     Faith    .     (no shield)
rPois  .         Spirit   .     c - +0 helmet
rElec  .         Dismiss  .     k - +2 cloak
rCorr  .         Reflect  .     (no gloves)
SustAt .         Harm     .     (no barding)
MR     .....                    (no amulet)
Stlth  ..........               (no ring)
                                (no ring)

@: lethally poisoned (0 -> -3), very quick, not resistant to hostile
enchantments, extremely unstealthy
A: hooves 3, deformed body, speed 2, tough skin 3
a: no special abilities


You were on level 3 of the Dungeon.
You were not hungry.

You visited 1 branch of the dungeon, and saw 3 of its levels.

You collected 134 gold pieces.

Inventory:

Hand Weapons
 a - a +0 trident (weapon)
 e - a +0 dagger
 g - a +0 club
 m - a +2 dagger of flaming
 o - a +0 spear
 p - a +0 mace
 r - a +0 club
 t - a +0 club
 u - a +0 club
 w - a +0 short sword
 x - a cursed -3 club
 z - a cursed -2 short sword
 A - a +0 dagger
 D - a +0 dagger
 E - a +0 dagger
 F - a +0 hunting sling
 H - a +0 hunting sling
 I - a +0 club
 J - a +0 dagger
 O - a +0 spear
Missiles
 d - 3 throwing nets (quivered)
 j - 85 stones
 l - 40 arrows
 B - 22 sling bullets
Armour
 b - a +0 leather armour (worn)
 c - a +0 helmet (worn)
 k - a +2 cloak (worn)
 K - a +0 plate armour
Scrolls
 h - a scroll of amnesia {unknown}
 i - 5 scrolls of identify {unknown}
 n - a scroll of enchant armour {unknown}
 y - a scroll of fog {unknown}
 C - a scroll of recharging {unknown}
 G - a scroll of fear {unknown}
Potions
 q - a potion of cure mutation {unknown}
 s - a potion of curing {unknown}
 L - a potion of invisibility {unknown}
 M - 2 potions of ambrosia {unknown}
Comestibles
 f - 3 bread rations
 v - 4 meat rations


   Skills:
 + Level 2.3 Fighting
 + Level 3.1 Polearms
 + Level 2.1 Throwing
 + Level 0.3 Armour
 + Level 2.8 Dodging
 + Level 0.1 Stealth


You had 2 spell levels left.
You didn't know any spells.

Dungeon Overview and Level Annotations

Branches:
Dungeon (3/15)

Altars:
Nemelex Xobeh


Innate Abilities, Weirdness & Mutations

You have hooves in place of feet.
Armour fits poorly on your strangely shaped body.
You cover ground very quickly.
You have extremely tough skin (AC +3).


Message History

The quokka bites you but does no damage.
The orc hits you with a falchion of freezing.
The orc freezes you. The rat barely misses you.
You hit the adder.
The adder is lightly wounded.
The bat barely misses you. The adder bites you but does no damage.
The quokka bites you.
* * * LOW HITPOINT WARNING * * *
The orc hits you with a falchion of freezing.
* * * LOW HITPOINT WARNING * * *
The orc freezes you.
* * * LOW HITPOINT WARNING * * *
The adder closely misses you. The rat closely misses you.
Unknown command.
You puncture the adder! Your kick misses the adder.
The adder is almost dead.
The quokka twitches its whiskers.
The quokka barely misses you. The adder bites you but does no damage.
The orc hits you with a falchion of freezing.
You die...

#.. #.......
..##......#
#.#.......##
..........#
#.>.......#
#.........#
..####.........#
.......r...%...#
...###bS@..!...#
#.or......#
#.........#
#.........#
#.$.......#
##.......##
##.....##
#######


You could see an adder, an orc, a quokka, a bat and a rat.

Vanquished Creatures
  A worm (D:2)
  A dart slug (D:2)
  A giant gecko (D:1)
  4 bats
  3 giant cockroaches
  5 goblins
  3 hobgoblins
  6 jackals
  7 kobolds
  3 giant newts (D:1)
  5 rats
39 creatures vanquished.

Notes
Turn   | Place    | Note
--------------------------------------------------------------
     0 | D:1      | Vahdor the Centaur Gladiator began the quest for the Orb.
     0 | D:1      | Reached XP level 1. HP: 17/17 MP: 1/1
   218 | D:1      | Reached skill level 3 in Polearms
   240 | D:1      | Reached XP level 2. HP: 19/24 MP: 2/2
  1394 | D:2      | Reached XP level 3. HP: 20/29 MP: 3/3
  2239 | D:2      | Found a sparkling altar of Nemelex Xobeh.
  2771 | D:3      | Slain by an orc

Vault maps used:
D:1:      lightli_arrival_isolated_outpost
D:2:      nemelex_diamond_rough_becter
D:3:      kennysheep_okawaru_gauntlet, gammafunk_temple_overflow_elements

Skill      XL: |  1 |
---------------+----+-----
Polearms       | 3 |  3.1
Fighting       | |  2.3
Throwing       | |  2.1
Armour         | |  0.3
Dodging        | |  2.8
Stealth        | |  0.1

Action                   || total
-------------------------++-------
Melee: Trident           ||    86
       Dagger            ||    40
Throw: Stone             ||    19
       Throwing net      ||     3
  Eat: Pizza             ||     1
       Bread ration      ||     1
